 Dungeon Crawl Stone Soup version 0.23.2 (webtiles) character file.

Game seed: 6077739161140415638

27 Leeroy the Conjurer (level 2, -2/20 HPs)
             Began as a Draconian Conjurer on Apr 13, 2019.
             Slain by Natasha (8 damage)
             ... on level 2 of the Dungeon.
             The game lasted 00:02:47 (1395 turns).

Leeroy the Conjurer (Draconian Conjurer)            Turns: 1395, Time: 00:02:48

Health: -2/20      AC:  4    Str: 10    XL:     2   Next: 93%
Magic:  1/5        EV: 12    Int: 15    God:
Gold:   161        SH:  0    Dex: 11    Spells: 2/5 levels left

rFire    . . .     SeeInvis .   f - +0 dagger
rCold    . . .     Gourm    .   (no shield)
rNeg     . . .     Faith    .   (armour unavailable)
rPois    .         Spirit   .   (helmet restricted)
rElec    .         Reflect  .   (no cloak)
rCorr    .         Harm     .   (no gloves)
MR       .....                  (no boots)
Stlth    ++........             (no amulet)
HPRegen  0.06/turn              (no ring)
MPRegen  0.09/turn              (no ring)

@: no status effects
A: unfitting armour, cold-blooded, AC +4
a: no special abilities


You were on level 2 of the Dungeon.
You were not hungry.

You visited 1 branch of the dungeon, and saw 2 of its levels.

You collected 161 gold pieces.

Inventory:

Hand Weapons
 c - a +0 spear
 f - a +0 dagger (weapon)
 g - a +0 spear
 n - a +2 hunting sling of freezing
 r - a +0 whip
Missiles
 e - 16 arrows
 j - 6 javelins (quivered)
 l - 29 stones
 m - 37 sling bullets
Scrolls
 d - a scroll of immolation {unknown}
 i - a scroll of random uselessness {unknown}
 k - a scroll of identify {unknown}
 q - 2 scrolls of fear {unknown}
 s - a scroll of enchant weapon {unknown}
 t - a scroll of remove curse {unknown}
Potions
 a - 2 potions of curing {unknown}
 h - 2 potions of brilliance {unknown}
 o - a potion of heal wounds {unknown}
 u - a potion of degeneration {unknown}
Comestibles
 b - 5 rations
 p - a chunk of flesh


   Skills:
 - Level 1.7 Dodging
 - Level 1.7 Stealth
 - Level 2.0 Spellcasting
 - Level 5.0 Conjurations


You had 2 spell levels left.
You knew the following spells:

 Your Spells              Type           Power        Failure   Level  Hunger
a - Magic Dart            Conj           ###.         2%          1    #......
b - Searing Ray           Conj           ###...       4%          2    ###....

Your spell library contained the following spells:

 Spells                   Type           Power        Failure   Level  Hunger
 Dazzling Spray           Conj/Hex       #.....       24%         3    ###....
 Iskenderun's Mystic Bla  Conj           ###.....     28%         4    #####..
 Force Lance              Conj/Tloc      #.......     61%         4    #####..
 Fulminant Prism          Conj/Hex       #.........   61%         4    #####..


Dungeon Overview and Level Annotations

Branches:
Dungeon (2/15)

Altars:

Annotations:
D:2 Natasha


Innate Abilities, Weirdness & Mutations

Your plain brown scales are hard. (AC +4)
You cannot fit into any form of body armour.
You are cold-blooded and may be slowed by cold attacks.


Message History

Natasha is lightly wounded.
Natasha misses you.
You hit Natasha.
Natasha is moderately wounded.
Natasha stares at you and mumbles some strange words.
You resist with significant effort.
Casting: Magic Dart (safe; 2% risk of failure)
Confirm with . or Enter, or press ? or * to list all spells.
Aiming: Searing Ray (safe; 4% risk of failure)
Press: ? - help, Shift-Dir - straight line, f - Natasha
Aim: Natasha (moderately wounded)
The searing ray misses Natasha. (Press . to maintain the ray.) Natasha claws you!
The searing ray misses Natasha.
Natasha claws you.
* * * LOW HITPOINT WARNING * * *
The searing ray hits Natasha.
Natasha is severely wounded.
Natasha claws you!
You die...

.. # #.# ##
#รท# ##.# #..#
. #.## ..# ...
#.# ..# #.(.#
#.# ..#
#....##.#.# #..
#.>h@...# ..
#.........# .#
.)..........#
##.#
###...........#
#..#
####.###.....
..## #...
...... [## #...
.##### .#### ..
....#########.#


You could see Natasha.

Vanquished Creatures
  An adder (D:2)
  A leopard gecko (D:1)
  2 giant cockroaches
  5 goblins
  A hobgoblin (D:2)
  2 ball pythons
  A bat (D:1)
  2 frilled lizards
  A kobold (D:2)
  A rat (D:1)
17 creatures vanquished.

Notes
Turn   | Place    | Note
-------+----------+-------------------------------------------
     0 | D:1      | Leeroy the Draconian Conjurer began the quest for the Orb.
     0 | D:1      | Reached XP level 1. HP: 14/14 MP: 3/3
   709 | D:1      | Reached XP level 2. HP: 20/20 MP: 5/5
   713 | D:1      | Learned a level 2 spell: Searing Ray
  1266 | D:2      | Reached skill level 5 in Conjurations
  1384 | D:2      | Noticed Natasha
  1395 | D:2      | Slain by Natasha

Skill      XL: |  1  2 |
---------------+-------+-----
Conjurations   | 5 |  5.0
Dodging        | |  1.7
Stealth        | |  1.7
Spellcasting   | |  2.0

Action                   || total
-------------------------++-------
Melee: Spear             ||    44
       Dagger            ||    10
       Tailslap          ||     2
       Hunting sling     ||     5
 Fire: Hunting sling     ||     1
 Cast: Magic Dart        ||     5
       Searing Ray       ||     1
 Stab: Sleeping          ||     2
  Eat: Chunk             ||     2
Armor: Skin              ||    14
Dodge: Dodged            ||    37
